 Dungeon Crawl Stone Soup version 0.17.1-1-g73c8601 (webtiles) character file.

3859 mindo the Thaumaturge (level 9, 0/56 HPs)
             Began as a High Elf Wizard on Dec 15, 2015.
             Succumbed to poison (a potion of poison)
             ... on level 7 of the Dungeon on Dec 16, 2015.
             The game lasted 01:35:13 (10477 turns).

mindo the Thaumaturge (High Elf Wizard)            Turns: 10477, Time: 01:35:13

Health: 0/56       AC:  5    Str:  6    XL:     9   Next: 99%
Magic:  2/32       EV: 16    Int: 24    God:
Gold:   456        SH:  0    Dex: 16    Spells: 4 memorised, 17 levels left

rFire  . . .     SeeInvis .     K - +2 long sword
rCold  . . .     Clarity  +     l - +0 leather armour
rNeg   . . .     SustAt   .     (no shield)
rPois  .         Gourm    .     b - +0 hat
rElec  .         Spirit   .     C - +1 cloak
rCorr  .         Warding  .     (no gloves)
rMut   .         Stasis   .     (no boots)
MR     +....                    p - amulet of clarity
Stlth  ++........               g - ring of protection from magic
                                e - ring of magical power

@: lethally poisoned (0 -> -4), somewhat resistant to hostile enchantments,
unstealthy
A: no striking features
a: no special abilities


You were on level 7 of the Dungeon.
You were not hungry.

You visited 1 branch of the dungeon, and saw 8 of its levels.

You collected 501 gold pieces.
You spent 45 gold pieces at shops.

Inventory:

Hand Weapons
 i - a +1 short sword
 o - a +0 club
 s - a +2 flail of protection
 w - a +0 rapier
 x - a +0 quarterstaff of distortion
 B - a +0 shortbow
 H - a +2 quarterstaff of draining
 K - a +2 long sword (weapon)
Missiles
 y - 70 arrows
Armour
 a - a +0 robe
 b - a +0 hat (worn)
 k - a +1 helmet
 l - a +0 leather armour (worn)
 C - a +1 cloak (worn)
 E - a +0 buckler
Magical Staves
 G - an uncursed staff of earth
Jewellery
 e - a ring of magical power (left hand)
 g - a ring of protection from magic (right hand)
 h - a +3 ring of intelligence
 p - an amulet of clarity (around neck)
 q - an uncursed amulet of the gourmand
 D - an uncursed amulet of the gourmand
 L - a +3 ring of slaying
Wands
 u - a wand of fireball (7)
 O - a wand of flame (14)
 P - a wand of teleportation (0)
Scrolls
 d - a scroll of blinking
 f - 3 scrolls of remove curse
 J - a scroll of identify
 M - 2 scrolls of enchant armour
Potions
 j - 2 potions of brilliance
 n - a potion of agility {unknown}
 z - a potion of poison
 A - a potion of lignification {unknown}
 F - a potion of might {unknown}
 N - a potion of degeneration {unknown}
Books
 c - a book of Minor Magic

   Spells                             Type                      Level
   a - Magic Dart                     Conjuration                  1
   b - Blink                          Translocation                2
   c - Call Imp                       Summoning                    2
   d - Repel Missiles                 Charms/Air                   2
   e - Slow                           Hexes                        2
   f - Conjure Flame                  Conjuration/Fire             3
   g - Mephitic Cloud                 Conjuration/Poison/Air       3
 m - a book of Hinderance

   Spells                             Type                      Level
   a - Confusing Touch                Hexes                        2
   b - Confuse                        Hexes                        3
   c - Gell's Gravitas                Hexes/Translocation          3
   d - Petrify                        Transmutation/Earth          4
   e - Metabolic Englaciation         Hexes/Ice                    5
Miscellaneous
 t - a plain deck of destruction
Comestibles
 r - 7 bread rations
 v - a meat ration
 I - a royal jelly
 Q - 2 beef jerkies
 R - 6 slices of pizza


   Skills:
 + Level 3.0 Fighting
 + Level 1.0(1.8) Short Blades
 + Level 2.3(2.4) Long Blades
 + Level 0.6 Staves
 + Level 1.9 Armour
 + Level 7.7 Dodging
 + Level 3.8 Stealth
 + Level 9.5 Spellcasting
 + Level 7.6 Conjurations
 + Level 0.2 Hexes
   Level 0.8 Summonings
 + Level 1.2 Translocations
 + Level 3.5 Fire Magic


You had 17 spell levels left.
You knew the following spells:

 Your Spells              Type           Power        Failure   Level  Hunger
a - Magic Dart            Conj           ####         1%          1    None
b - Conjure Flame         Conj/Fire      #####...     2%          3    None
c - Gell's Gravitas       Hex/Tloc       ##........   21%         3    None
d - Mephitic Cloud        Conj/Pois/Air  ###.....     12%         3    None


Dungeon Overview and Level Annotations

Branches:
Dungeon (8/15)             Temple (0/1) D:5            Lair (0/8) D:8

Altars:
Dithmenos
Fedhas
Nemelex Xobeh
Xom
The Shining One

Shops:
D:5 %


Message History

Casting: Conjure Flame
Confirm with . or Enter, or press ? or * to list all spells.
Aiming: Conjure Flame
Press: ? - help, Dir - move target cursor
Okay, then.
Casting: Conjure Flame
Confirm with . or Enter, or press ? or * to list all spells.
Aiming: Mephitic Cloud
Press: ? - help, Shift-Dir - straight line The ball explodes into a vile cloud!
The stinking cloud engulfs the orc wizard.
* * * LOW HITPOINT WARNING * * *
You feel sick.
The orc wizard is engulfed in noxious fumes.
The orc wizard appears confused.
* * * LOW HITPOINT WARNING * * *
You feel sick.
The orc wizard is engulfed in noxious fumes.
The orc wizard appears confused.
You die...

##)# #..#####..#.. #..#
#....#.......
#§§####............
#§.##..............
###o.#...............
#######.........#..#......#
#..#..#.........#.......#.#
#..#..#.......##..........#
#..'..####@............####
#.÷#..##..............###
#..#..##..#####.........#
##'#####...# ##....###.###
#.††......## ##..## #..#.
##.).###### #..####....
##### #####....#.
##...##.#. #.........


You could see an orc wizard (confused).

Vanquished Creatures
  A manticore (D:8)
  The ghost of DEFE the Slasher, a novice HEFi of the Shining One (D:7)
  The ghost of mindo the Magician, an amateur HEWz (D:5)
  Sigmund (D:3)
  A yak (D:7)
  A human (D:7)
  2 hippogriffs (D:7)
  4 ogres
  3 centaurs
  An ice beast (D:8)
  2 orc warriors
  A phantom (D:4)
  A giant frog (D:7)
  An electric eel (D:6)
  2 scorpions (D:8)
  3 wights (D:7)
  A giant frog zombie (D:5)
  2 orc priests (D:6)
  2 crimson imps
  2 giant frog skeletons
  A jelly (D:6)
  3 orc wizards
  7 hounds
  2 iguanas
  2 quasits (D:6)
  6 worker ants
  Terence (D:3)
  3 sheep (D:7)
  2 worker ant zombies (D:5)
  9 adders
  A shadow imp (D:6)
  2 oozes (D:2)
  An adder skeleton (D:6)
  4 worms
  6 giant geckos
  17 orcs
  A ball python (D:3)
  6 bats
  8 giant cockroaches
  13 goblins
  9 hobgoblins
  5 jackals
  9 kobolds
  9 quokkas
  A giant cockroach zombie (D:4)
  9 giant newts
  10 rats
180 creatures vanquished.

Vanquished Creatures (others)
  A wasp (D:8)
  A necrophage (D:8)
2 creatures vanquished.

Grand Total: 182 creatures vanquished

Notes
Turn   | Place    | Note
--------------------------------------------------------------
     0 | D:1      | mindo the High Elf Wizard began the quest for the Orb.
     0 | D:1      | Reached XP level 1. HP: 11/11 MP: 6/6
     3 | D:1      | Noticed an electric eel
     4 | D:1      | Noticed an electric eel
    94 | D:1      | Reached skill level 4 in Spellcasting
   331 | D:1      | Reached XP level 2. HP: 17/17 MP: 6/8
  1120 | D:2      | Reached XP level 3. HP: 21/21 MP: 7/10
  1125 | D:2      | Learned a level 3 spell: Conjure Flame
  1803 | D:2      | Reached XP level 4. HP: 27/27 MP: 2/11
  2395 | D:3      | Reached skill level 5 in Spellcasting
  2534 | D:3      | Reached skill level 1 in Fighting
  2565 | D:3      | Found a sparkling altar of Nemelex Xobeh.
  2896 | D:3      | Noticed Terence
  2916 | D:3      | Killed Terence
  2916 | D:3      | Reached XP level 5. HP: 16/33 MP: 2/13
  3146 | D:3      | Found a shadowy altar of Dithmenos.
  3295 | D:3      | Noticed Sigmund
  3309 | D:3      | Killed Sigmund
  3309 | D:3      | Reached skill level 1 in Fire Magic
  3309 | D:3      | Reached XP level 6. HP: 24/38 MP: 7/15
  4177 | D:4      | Reached skill level 6 in Spellcasting
  4177 | D:4      | Reached XP level 7. HP: 34/44 MP: 17/17
  4394 | D:5      | Entered Level 5 of the Dungeon
  4401 | D:5      | Found a staircase to the Ecumenical Temple.
  4413 | D:5      | Reached skill level 1 in Short Blades
  4576 | D:5      | Found Tiblu's Food Emporium.
  4589 | D:5      | Bought a royal jelly for 26 gold pieces
  4589 | D:5      | Bought a beef jerky for 19 gold pieces
  4902 | D:5      | Noticed mindo's ghost (amateur HEWz)
  4923 | D:5      | Killed mindo's ghost
  5258 | D:5      | Found a glowing golden altar of the Shining One.
  5439 | D:5      | Reached skill level 5 in Dodging
  5609 | D:6      | Reached XP level 8. HP: 30/51 MP: 19/19
  5631 | D:6      | Reached skill level 7 in Spellcasting
  5631 | D:6      | Reached skill level 5 in Conjurations
  6684 | D:6      | Reached skill level 1 in Long Blades
  7815 | D:7      | Noticed DEFE's ghost (novice HEFi)
  7848 | D:7      | Killed DEFE's ghost
  7848 | D:7      | Reached skill level 8 in Spellcasting
  7848 | D:7      | Reached XP level 9. HP: 20/55 MP: 1/22
  8640 | D:8      | Found a staircase to the Lair.
  8725 | D:8      | Found a blossoming altar of Fedhas.
  9289 | D:8      | Noticed a manticore
  9302 | D:8      | Killed a manticore
  9302 | D:8      | Reached skill level 9 in Spellcasting
  9576 | D:7      | Found a shimmering altar of Xom.
  9619 | D:7      | Learned a level 3 spell: Gell's Gravitas
  9823 | D:7      | Learned a level 3 spell: Mephitic Cloud
  9865 | D:7      | Reached skill level 1 in Armour
 10474 | D:7      | HP: 2/56 [poison (a potion of poison)]
 10477 | D:7      | Succumbed to poison (a potion of poison)

Action                   |  1- 3 |  4- 6 |  7- 9 || total
-------------------------+-------+-------+-------++-------
Melee: Unarmed           |     2 |       |       ||     2
       Short sword       |    27 |    77 |     3 ||   107
       Quarterstaff      |       |       |    30 ||    30
       Long sword        |       |       |   106 ||   106
 Cast: Magic Dart        |   103 |   123 |   359 ||   585
       Conjure Flame     |     2 |     9 |    51 ||    62
       Mephitic Cloud    |       |       |     8 ||     8
       Gell's Gravitas   |       |       |     2 ||     2
Evoke: Wand              |       |       |     2 ||     2
  Use: Scroll            |     1 |     4 |    15 ||    20
       Potion            |       |       |     9 ||     9
 Stab: Sleeping          |     1 |     1 |       ||     2
       Invisible         |       |       |     1 ||     1
  Eat: Bread ration      |     1 |       |     3 ||     4
       Fruit             |       |     3 |     1 ||     4
       Pizza             |       |     1 |     1 ||     2
       Meat ration       |       |     1 |       ||     1
       Beef jerky        |       |       |     3 ||     3
